 Dungeon Crawl Stone Soup version 0.31-a0-833-gc15d34cb79 (webtiles) character file.

Game seed: 13177844182848072321

312 Kurtz the Chopper (level 6, -6/42 HPs)
             Began as an Octopode Fighter on Sept 25, 2023.
             Was a Follower of Fedhas.
             Mangled by Sigmund
             ... wielding a +0 scythe
              (11 damage)
             ... on level 3 of the Dungeon.
             The game lasted 00:01:53 (2540 turns).

Kurtz the Chopper (Octopode Fighter)                Turns: 2540, Time: 00:01:54

Health: -6/42      AC:  1    Str: 13 (15) XL:     6   Next: 42%
Magic:  7/7        EV: 13    Int:  9 (11) God:    Fedhas [*.....]
Gold:   174        SH:  4    Dex: 11 (13) Spells: 5/5 levels left

rFire   . . .        a - +0 war axe
rCold   . . .        b - +0 buckler
rNeg    . . .        (helmet restricted)
rPois   .            (no amulet)
rElec   .            (no ring)
rCorr   .            (no ring)
SInv    .            (no ring)
Will    .....        (no ring)
Stlth   ++           (no ring)
HPRegen 0.27/turn    (no ring)
MPRegen 0.10/turn    (no ring)
                     (no ring)

%: no passive effects
@: hasted, very quick
A: almost no armour, amphibious, 8 rings, camouflage 1, gelatinous body 1,
(nimble swimmer 1), tentacles
a: Renounce Religion


You were on level 3 of the Dungeon.
You worshipped Fedhas.
Fedhas was aware of your devotion.
You visited 1 branch of the dungeon, and saw 3 of its levels.

You collected 174 gold pieces.

Inventory:

Hand Weapons
 a - a +0 war axe (weapon)
Missiles
 g - 3 boomerangs
Armour
 b - a +0 buckler (worn)
Jewellery
 j - a ring of resist corrosion
Scrolls
 c - a scroll of blinking {unknown}
 d - 4 scrolls of identify {unknown}
 f - 2 scrolls of amnesia {unknown}
 h - a scroll of enchant weapon {unknown}
 k - a scroll of fog {unknown}
 l - a scroll of acquirement {unknown}
 m - a scroll of immolation {unknown}


   Skills:
 * Level 3.3 Fighting
 * Level 6.1 Axes
 + Level 3.1 Dodging
 - Level 3.0 Shields
 * Level 1.3 Invocations


You had 5 spell levels left.
You didn't know any spells.
Your spell library was empty.

Dungeon Overview and Level Annotations

Branches:
Dungeon (3/15)

Altars:
Fedhas

Annotations:
D:3 Sigmund


Innate Abilities, Weirdness & Mutations

You cannot wear most types of armour.
You are amphibious.
You can wear up to eight rings at the same time.
Your skin changes colour to match your surroundings (Stealth+).
Your rubbery body absorbs attacks. (AC +1, EV +1)
((You are camouflaged when in or above water. (Stealth+)))
You have tentacles for arms and can constrict up to eight enemies at once.


Message History

An orc is nearby!
An orc is nearby!
The orc barely misses you. Something hits you!
You miss something. You closely miss the orc.
The orc hits you with a +0 hand axe.
You hear some strange, mumbled words.
You are confused.
The orc hits you with a +0 hand axe. Something hits you.
Unknown command.
It was a potion of haste.
You feel yourself speed up. The orc closely misses you.
It was a potion of heal wounds.
You feel much better. The orc misses you. Something hits you!
It was a potion of degeneration.
There was something very wrong with that liquid.
You feel weakened.
You feel dopey.
You feel clumsy. The orc hits you with a +0 hand axe.
You slash the orc!
You kill the orc!
Fedhas appreciates your contribution to the ecosystem.
A magic dart appears from out of thin air!
The magic dart hits you.
Unknown command.
You're too confused to move!
Something barely misses you.
You feel less confused. Something hits you!
Things that are here:
a +0 hand axe; an orc corpse You closely miss something.
You closely miss something. Your squeeze misses something.
You block something's attack.
You barely miss something. Something hits you.
* * * LOW HITPOINT WARNING * * *
You slash something! You barely miss something. Something hits you!
* * * LOW HITPOINT WARNING * * *
You slash something! You hit something. Something hits you!
You die...
Fedhas appreciates your contribution to the ecosystem.

#.##..>......##.##
##.##.###.######.#
##.##.# #.# #.#
##.##.###.# ##'##
##........# ##...##
#####)##### ##.....##
# #....## ##.......##
###.#...####.........#
...........'....@{...+
###.#...####.........#
# #.##.## ##.......##
# #.#### ##.....## #
#.. ##...## # #..
##'## .... #.# #...
..#


There were no monsters in sight!

Vanquished Creatures
  Grinder (D:3)
  4 adders
  2 worms (D:2)
  6 dart slugs
  An orc (D:3)
  6 ball pythons
  5 endoplasms
  4 hobgoblins
  5 kobolds
  5 quokkas
  3 bats
  2 frilled lizards (D:1)
  4 goblins
  7 rats
55 creatures vanquished.

Notes
Turn   | Place    | Note
-------+----------+-------------------------------------------
     0 | D:1      | Kurtz the Octopode Fighter began the quest for the Orb.
     0 | D:1      | Reached XP level 1. HP: 16/16 MP: 1/1
    44 | D:1      | Reached XP level 2. HP: 18/21 MP: 2/2
   175 | D:1      | Reached skill level 3 in Axes
   268 | D:1      | Reached XP level 3. HP: 18/26 MP: 3/3
   944 | D:2      | Reached skill level 4 in Axes
  1236 | D:2      | Reached XP level 4. HP: 31/31 MP: 4/4
  1962 | D:3      | Found a faded altar of an unknown god.
  2053 | D:3      | Prayed at the altar of an unknown god.
  2053 | D:3      | Became a worshipper of Fedhas Madash
  2053 | D:3      | Reached * piety under Fedhas
  2167 | D:3      | Noticed Grinder
  2177 | D:3      | Killed Grinder
  2178 | D:3      | Reached skill level 6 in Axes
  2178 | D:3      | Reached skill level 1 in Invocations
  2178 | D:3      | Reached XP level 5. HP: 10/36 MP: 4/6
  2178 | D:3      | Reached XP level 6. HP: 12/42 MP: 4/7
  2518 | D:3      | Noticed Sigmund
  2540 | D:3      | Mangled by Sigmund

Illustrated notes

Levels and vault maps discovered:
D:1:      dpeg_arrival_rooms_a, layout_basic
D:2:      layout_loops_corners
D:3:      layout_loops_corners, chequers_ecumenical_altar_simple, uniq_grinder,
          uniq_sigmund

Skill      XL: |  1  2  3  4 |
---------------+-------------+-----
Axes           | 3 4 6 |  6.1
Invocations    | 1 |  1.3
Fighting       | |  3.3
Dodging        | |  3.1
Shields        | |  3.0

Action                     |  1- 3 |  4- 6 || total
---------------------------+-------+-------++-------
  Melee: War axe           |    48 |    42 ||    90
         Tentacles         |    17 |     7 ||    24
         Constrict         |    16 |     8 ||    24
         Punch             |     1 |     1 ||     2
    Use: Potion            |       |     4 ||     4
   Stab: Sleeping          |     8 |     2 ||    10
         Distracted        |       |     1 ||     1
 Armour: Skin              |    14 |    26 ||    40
  Dodge: Dodged            |    26 |    19 ||    45
  Block: Buckler           |     9 |     5 ||    14

Table legend: (Time is in decaauts)
 A = Elapsed time spent in this place.
 B = Non-inter-level travel time spent in this place.
 C = Inter-level travel time spent in this place.
 D = Time resting spent in this place.
 E = Time spent auto-exploring this place.
 F = Levels seen in this place.
 G = Mean time per level.
                   A        B        C        D        E       F      G
               +--------+--------+--------+--------+--------+-----+--------+
         Total |   2564 |   2419 |    145 |     43 |   2032 |   3 |  854.7 |
       Dungeon |   2564 |   2419 |    145 |     43 |   2032 |   3 |  854.7 |
               +--------+--------+--------+--------+--------+-----+--------+

Top non-repeatable levels by time:
     D:2: 1082 daAuts
     D:1: 885 daAuts
     D:3: 596 daAuts
